 Dungeon Crawl Stone Soup version 0.25-a0-890-g62861fb (webtiles) character file.

Game seed: 421968617963701376, levelgen mode: deterministic

217 BlueFish the Insei (level 5, -11/34 HPs)
             Began as an Octopode Transmuter on May 10, 2020.
             Was an Initiate of Cheibriados.
             Killed by divine providence
             ... invoked by an orc priest
              (12 damage)
             ... on level 4 of the Dungeon.
             The game lasted 00:10:02 (4272 turns).

BlueFish the Insei (Octopode Transmuter)            Turns: 4272, Time: 00:10:02

Health: -11/34     AC:  1    Str: 11    XL:     5   Next: 94%
Magic:  2/8        EV: 14    Int: 17    God:    Cheibriados [......]
Gold:   97         SH:  3    Dex: 13    Spells: 3/9 levels left

rFire    . . .     SeeInvis +     - Unarmed
rCold    . . .     Gourm    .   (no shield)
rNeg     . . .     Faith    .   (helmet restricted)
rPois    .         Spirit   .   i - +3 amulet of reflection
rElec    .         Reflect  +   l - ring of see invisible
rCorr    .         Harm     .   (no ring)
MR       .....                  (no ring)
Stlth    +++.......             (no ring)
HPRegen  0.11/turn              (no ring)
MPRegen  0.11/turn              (no ring)
                                (no ring)
                                (no ring)

@: very slow
A: almost no armour, stealthy swim, amphibious, 8 rings, constrict 8, camouflage
1, gelatinous body 1
a: Bend Time, Renounce Religion


You were on level 4 of the Dungeon.
You worshipped Cheibriados.
Cheibriados was noncommittal.
You were very hungry.

You visited 2 branches of the dungeon, and saw 5 of its levels.

You collected 133 gold pieces.
You spent 36 gold pieces at shops.

Inventory:

Missiles
 a - 22 arrows
 f - 27 sling bullets
Jewellery
 i - a +3 amulet of reflection (around mantle)
 l - a ring of see invisible (left tentacle)
Scrolls
 b - 2 scrolls of remove curse
 d - 3 scrolls of teleportation
 j - a scroll of amnesia
Potions
 e - 2 potions of magic
 g - a potion of flight {unknown}
 h - 5 potions of curing
Comestibles
 c - 7 rations


   Skills:
 * Level 1.9 Fighting
 * Level 2.6 Dodging
 * Level 2.3 Stealth
 * Level 4.1 Unarmed Combat
 + Level 2.6 Spellcasting
 * Level 3.2 Transmutations
 * Level 1.1 Poison Magic


You had 3 spell levels left.
You knew the following spells:

 Your Spells              Type           Power        Failure   Level  Hunger
a - Beastly Appendage     Tmut           ##....       4%          1    #......
b - Sticks to Snakes      Tmut           ##......     7%          2    ##.....
c - Spider Form           Tmut/Pois      #.........   22%         3    ###....

Your spell library contained the following spells:

 Spells                   Type           Power        Failure   Level  Hunger
 Ice Form                 Ice/Tmut       #.......     67%         4    #####..
 Blade Hands              Tmut           ##........   78%         5    ######.


Dungeon Overview and Level Annotations

Branches:
Dungeon (4/15)             Temple (1/1) D:4

Altars:
Ashenzari
Cheibriados
Dithmenos
Elyvilon
Fedhas
Gozag
Kikubaaqudgha
Makhleb
Nemelex Xobeh
Qazlal
Ru
Uskayaw
Vehumet
Wu Jian
Xom
Yredelemnul
Zin
The Shining One

Shops:
D:4 !


Innate Abilities, Weirdness & Mutations

You cannot wear most types of armour.
You are very stealthy in the water. (Stealth+)
You are amphibious.
You can wear up to eight rings at the same time.
You can use your tentacles to constrict eight enemies at once.
Your skin changes colour to match your surroundings (Stealth+).
Your rubbery body absorbs attacks. (AC +1, EV +1)


Message History

The orc priest calls down the wrath of Beogh upon you.
Beogh smites you!
The kobold throws a stone.
The stone hits you but does no damage.
Your ball python misses the big kobold.
Your ball python barely misses the big kobold.
You see here a stone.
The orc wizard points at you and mumbles some strange words.
The magic dart hits you!
* * * LOW HITPOINT WARNING * * *
The orc priest casts a cantrip, but nothing happens.
The kobold throws a stone.
The stone barely misses you.
Your ball python is smitten.
Your ball python dies!
The kobold throws a stone.
The stone barely misses you.
The orc wizard gestures at you while chanting.
The magic dart hits you!
* * * LOW HITPOINT WARNING * * *
You see here a stone.
The orc priest invokes the aid of Beogh against you.
Beogh smites you!
You die...

.......# ##..................
.......# ##................###
.......######.......#####.....#
...#####.#..........# #.....#
...#.....#.._.......# #.....#
...#.....#..........# #....(#
...#.....#....⌠.....# #.....#
...#.....'.........## #.....###
...#...###..(...@.## #........
####...####(.(.(..# #........
........#.......### #........
........#..(.o.## #.....)..
.>..((.(#...K..# ######...
........#....o.# ####...
........#((..K.# #......
........#.Ko.(.############.##...
.................................


You could see a big kobold, an orc priest, an orc wizard, an orc and 2 kobolds.

Vanquished Creatures
  Crazy Yiuf (D:3)
  An orc priest (D:4)
  An orc wizard (D:4)
  4 adders
  A worm (D:2)
  A dart slug (D:1)
  2 leopard geckos
  5 orcs
  5 giant cockroaches
  8 goblins
  5 hobgoblins
  4 jackals (D:2)
  3 quokkas
  8 bats
  9 frilled lizards
  10 kobolds
  9 rats
77 creatures vanquished.

Vanquished Creatures (collateral kills)
  An orc wizard (D:4)
  2 orcs (D:4)
3 creatures vanquished.

Grand Total: 80 creatures vanquished

Notes
Turn   | Place    | Note
-------+----------+-------------------------------------------
     0 | D:1      | BlueFish the Octopode Transmuter began the quest for the
                  | Orb.
     0 | D:1      | Reached XP level 1. HP: 13/13 MP: 3/3
    96 | D:1      | Reached XP level 2. HP: 6/18 MP: 3/5
   105 | D:1      | Learned a level 2 spell: Sticks to Snakes
   932 | D:2      | Reached XP level 3. HP: 22/23 MP: 4/6
  1324 | D:2      | Found a basalt altar of Yredelemnul.
  1388 | D:2      | Reached skill level 1 in Stealth
  1711 | D:2      | Found a shimmering altar of Xom.
  1737 | D:2      | Found a glowing golden altar of the Shining One.
  1856 | D:2      | Reached XP level 4. HP: 25/28 MP: 5/7
  2141 | D:3      | Found a sacrificial altar of Ru.
  2367 | D:3      | Found a runed translucent door.
  2368 | D:3      | Noticed Crazy Yiuf
  2375 | D:3      | Learned a level 3 spell: Spider Form
  2382 | D:3      | Killed Crazy Yiuf
  2382 | D:3      | Reached skill level 4 in Unarmed Combat
  2881 | D:3      | Reached XP level 5. HP: 32/33 MP: 6/8
  3411 | D:4      | Found an opulent altar of Gozag.
  3414 | D:4      | Found a radiant altar of Vehumet.
  3651 | D:4      | Reached skill level 1 in Poison Magic
  3984 | D:4      | Found a blossoming altar of Fedhas.
  3996 | D:4      | Found Kuhuol's Distillery.
  4002 | D:4      | Bought a potion of curing for 36 gold pieces
  4028 | D:4      | Found a burning altar of Makhleb.
  4102 | D:4      | Found a staircase to the Ecumenical Temple.
  4111 | Temple   | Entered the Ecumenical Temple
  4140 | Temple   | Became a worshipper of Cheibriados the Contemplative
  4254 | D:4      | Noticed a big kobold
  4271 | D:4      | HP: 1/34 [orc wizard/magic dart (8)]
  4272 | D:4      | Killed from afar by an orc priest

Levels and vault maps discovered:
D:1:      dpeg_arrival_boxes_within_box, layout_loops_ring
D:2:      layout_loops_cross, lemuel_round_altar, yredelemnul_altar_generic,
          tso_altar, first_ration
D:3:      layout_basic, minmay_misc_feat_encased, hangedman_ru_absence,
          uniq_crazy_yiuf_cottage
D:4:      minmay_goblin_kobold_castle, layout_gridville, old_standard_altar,
          kennysheep_mini, grunt_temple_overflow_open,
          fedhas_bush_and_centaur_altar, lemuel_temple_firewalk_b, serial_shops,
          shop
Temple:   eino_temple_lava

Skill      XL: |  1  2  3  4  5 |
---------------+----------------+-----
Stealth        | 1 2 |  2.3
Unarmed Combat | 4 |  4.1
Transmutations | 3 |  3.2
Poison Magic   | 1 |  1.1
Fighting       | |  1.9
Dodging        | |  2.6
Spellcasting   | |  2.6

Action                   |  1- 3 |  4- 6 || total
-------------------------+-------+-------++-------
Melee: Unarmed           |    85 |    79 ||   164
       Constrict         |    24 |    25 ||    49
       Kick              |    12 |    23 ||    35
       Tentacles         |    12 |    11 ||    23
       Punch             |     2 |     1 ||     3
 Cast: Beastly Appendage |    26 |    22 ||    48
       Sticks to Snakes  |       |    12 ||    12
  Use: Scroll            |       |     7 ||     7
 Stab: Sleeping          |     8 |     5 ||    13
  Eat: Chunk             |     3 |     8 ||    11
Armor: Skin              |    10 |     2 ||    12
Dodge: Dodged            |    72 |    50 ||   122
Block: Other             |       |     3 ||     3
       Reflection        |       |     1 ||     1

Table legend:
 A = Non-vault XP
 B = Vault XP
 C = Vault XP percentage of total XP
 D = Non-vault monster count
 E = Vault monster count
 F = Vault count percentage of total count
                 A         B        C        D         E       F
            +---------+---------+-------+---------+---------+-------
      Total |     269 |      42 |  13.5 |      77 |       3 |   3.8
            +---------+---------+-------+---------+---------+-------
        D:1 |      32 |       0 |   0.0 |      21 |       0 |   0.0
        D:2 |      68 |       0 |   0.0 |      25 |       0 |   0.0
        D:3 |      38 |      40 |  51.3 |      17 |       1 |   5.6
        D:4 |     131 |       2 |   1.5 |      14 |       2 |  12.5
            +---------+---------+-------+---------+---------+-------
